 Dungeon Crawl Stone Soup version 0.16.0-8-gd9ae3a8 (webtiles) character file.

18 esc the Ruffian (level 2, 0/28 HPs)
             Began as a Centaur Berserker on Mar 16, 2015.
             Was a Believer of Trog.
             Succumbed to an adder's poison
             ... on level 2 of the Dungeon.
             The game lasted 00:01:40 (850 turns).

esc the Ruffian (Centaur Berserker)                  Turns: 850, Time: 00:01:40

Health: 0/28       AC:  6    Str: 24    XL:     2   Next: 51%
Magic:  2/2        EV: 10    Int:  4    God:    Trog [**....]
Gold:   26         SH:  0    Dex: 10    Spells: 0 memorised, 1 level left

rFire  . . .     SeeInvis .       - Unarmed
rCold  . . .     Clarity  .     b - +0 animal skin
rNeg   . . .     SustAb   .     (no shield)
rPois  .         Gourm    .     k - +1 helmet
rElec  .         Spirit   .     (no cloak)
rCorr  .         Warding  .     (no gloves)
rMut   .         Stasis   .     (no barding)
MR     .....                    (no amulet)
Stlth  +.........               (no ring)
                                d - +1 ring of evasion

@: mighty, lethally poisoned (0 -> -10), very quick, not resistant to hostile
enchantments, very unstealthy
A: hooves 3, agile 1, deformed body, dopey 1, speed 2, robust 1, tough skin 3
a: Burn Spellbooks, Berserk, Trog's Hand, Renounce Religion


You were on level 2 of the Dungeon.
You worshipped Trog.
Trog was pleased with you.
You were not hungry.

You visited 1 branch of the dungeon, and saw 2 of its levels.

You collected 26 gold pieces.

Inventory:

Armour
 b - a +0 animal skin (worn)
 k - a +1 helmet (worn)
Jewellery
 d - a +1 ring of evasion (left hand)
Scrolls
 e - 5 scrolls of identify {unknown}
 j - 2 scrolls of remove curse {unknown}
Potions
 g - a potion of curing {unknown}
 i - a potion of restore abilities {unknown}
 m - a potion of heal wounds {unknown}
 n - a potion of magic {unknown}
Comestibles
 a - 2 bread rations
 h - a meat ration
 l - a beef jerky


   Skills:
 + Level 3.2 Fighting
 + Level 1.6 Armour
 + Level 1.5 Dodging
 + Level 3.4 Unarmed Combat


You had one spell level left.
You didn't know any spells.

Dungeon Overview and Level Annotations

Branches:
Dungeon (2/15)

Altars:
Qazlal


Innate Abilities, Weirdness & Mutations

You have hooves in place of feet.
Armour fits poorly on your strangely shaped body.
You cover ground very quickly.
You have extremely tough skin (AC +3).
You are agile. (Dex +2)
You are dopey. (Int -2)
You are robust (+10% HP).


Message History

The adder bites you.
* * * LOW HITPOINT WARNING * * *
You are too injured to fight recklessly!
You are too injured to fight recklessly!
You are too injured to fight recklessly!
You are too injured to fight recklessly!
You are too injured to fight recklessly!
* * * LOW HITPOINT WARNING * * *
You feel sick.
* * * LOW HITPOINT WARNING * * *
You feel sick.
Drink which item? (? for menu, Esc to quit)
It was a potion of might.
You feel very mighty all of a sudden. The adder bites you.
* * * LOW HITPOINT WARNING * * *
Drink which item? (? for menu, Esc to quit)
It was a potion of mutation.
You feel extremely strange.
You feel robust.
You feel agile.
You feel stupid.
You die...

...# #..[ ##.#..#
#..# ......# #..#
# . #####...
#..#.# #.#
#############..#.#
#...#
.................#
#.....
#############..###
#......
#..####......#
#...@SS......#
#...#####$...#
#...# ... #..=# #
#.... ## #.#.## ..
#.#.# ## #.#.# #.#


You could see 2 adders.

Vanquished Creatures
  A giant cockroach (D:1)
  4 goblins
  4 hobgoblins
  2 bats (D:2)
  A giant gecko (D:1)
  A giant newt (D:1)
  3 kobolds
  2 rats (D:1)
18 creatures vanquished.

Notes
Turn   | Place    | Note
--------------------------------------------------------------
     0 | D:1      | esc, the Centaur Berserker, began the quest for the Orb.
     0 | D:1      | Reached XP level 1. HP: 19/19 MP: 1/1
   415 | D:1      | Reached XP level 2. HP: 24/26 MP: 2/2
   693 | D:2      | Found a stormy altar of Qazlal.
   710 | D:2      | Acquired Trog's second power
   849 | D:2      | HP: 1/26 [adder (4)]
   850 | D:2      | Gained mutation: You are robust (+10% HP). [potion of mutation]
   850 | D:2      | Gained mutation: You are agile. (Dex +2) [potion of mutation]
   850 | D:2      | Gained mutation: You are dopey. (Int -2) [potion of mutation]
   850 | D:2      | Succumbed to an adder's poison

Action                   || total
-------------------------++-------
Melee: Unarmed           ||    57
  Use: Potion            ||     2
